 Dungeon Crawl Stone Soup version 0.28-a0-1567-g1695149f81 (webtiles) character file.

Game seed: 10151749870733583200

4362 issech the Basher (level 10, 0/86 HPs)
             Began as a Troll Fighter on Jan 20, 2022.
             Was a Priest of Hepliaklqana.
             Succumbed to a water moccasin's poison
             ... on level 8 of the Dungeon.
             The game lasted 00:50:42 (8055 turns).

issech the Basher (Troll Fighter)                   Turns: 8055, Time: 00:50:42

Health: 0/86       AC:  9    Str: 24    XL:     10   Next: 12%
Magic:  3/18       EV: 11    Int:  4    God:    Hepliaklqana [***...]
Gold:   48         SH: 10    Dex: 13    Spells: 9/9 levels left

rFire   . . .      SeeInvis .   l - +7 morningstar "Maahov" {vorpal, MP+9}
rCold   . . .      Faith    .   c - +1 kite shield
rNeg    + + .      Spirit   +   t - +2 robe {rN+}
rPois   .          Reflect  .   (helmet restricted)
rElec   .          Harm     .   s - +2 cloak
rCorr   .          Rampage  .   (gloves unavailable)
Will    .....                   (boots unavailable)
Stlth   ++........              U - amulet of guardian spirit
HPRegen 1.04/turn               j - ring of positive energy
MPRegen 0.16/turn               q - ring of flight

@: lethally poisoned (0 -> -22), flying
A: reduced essence, large, unfitting armour, claws 3, regeneration 1, shaggy fur
1, tough skin 1, weak 1, wild magic 1
a: Renounce Religion, Recall Ancestor, Ancestor Identity, Transference


You were on level 8 of the Dungeon.
You worshipped Hepliaklqana.
Hepliaklqana was most pleased with you.
You visited 1 branch of the dungeon, and saw 9 of its levels.
You also visited: Sewer.

You collected 1274 gold pieces.
You spent 1226 gold pieces at shops.

Inventory:

Hand Weapons
 l - the +7 morningstar "Maahov" (weapon) {vorpal, MP+9}
   (You bought it in a shop on level 4 of the Dungeon)

   It inflicts extra damage upon your enemies.
   MP:        It affects your magic capacity (+9).
 r - a +4 flail of protection
 w - a +0 hunting sling
 x - a +4 vampiric dagger
 z - a +0 hand crossbow
 A - a +2 whip of electrocution
 H - a +1 short sword of electrocution
 J - a +0 arbalest
 N - a +3 morningstar
 P - a +6 long sword
 R - a +3 short sword
 W - a +1 falchion of holy wrath
Missiles
 e - 512 stones
 h - 134 arrows
 k - 2 throwing nets
 u - 3 javelins
 y - 40 bolts
 C - 2 curare-tipped darts
 D - 5 poisoned darts
 I - 2 boomerangs (quivered)
Armour
 c - a +1 kite shield (worn)
 m - a +3 leather armour of cold resistance
 s - a +2 cloak (worn)
 t - a +2 robe of positive energy (worn)
 B - a +4 ring mail
Magical Staves
 G - a staff of death
 M - a staff of cold
 V - a staff of conjuration
Jewellery
 i - a ring of willpower
 j - a ring of positive energy (left claw)
 q - a ring of flight (right claw)
 v - a ring of positive energy
 U - an amulet of guardian spirit (around neck)
Wands
 K - a wand of mindburst (3)
 S - a wand of flame (13)
 T - a wand of acid (3)
Scrolls
 b - 3 scrolls of identify
 E - 2 scrolls of torment
 L - a scroll of vulnerability
 O - 2 scrolls of teleportation
 Q - 2 scrolls of amnesia
Potions
 a - 2 potions of heal wounds
 d - 3 potions of might
 f - 2 potions of curing
 g - a potion of attraction
 n - 3 potions of brilliance
 o - a potion of magic
 p - a potion of flight
 F - 2 potions of degeneration


   Skills:
 + Level 5.1 Fighting
 + Level 8.6 Maces & Flails
 + Level 1.7 Throwing
 + Level 6.0 Dodging
 + Level 1.8 Stealth
 + Level 6.2 Shields


You had 9 spell levels left.
You didn't know any spells.
Your spell library contained the following spells:

 Spells                   Type           Power      Damage    Failure   Level
 Sandblast                Erth           0%         2d4       83%         1
 Passwall                 Tmut/Erth      0%         N/A       92%         2
 Static Discharge         Conj/Air       0%         N/A       92%         2
 Stone Arrow              Conj/Erth      0%         3d7       99%         3
 Lightning Bolt           Conj/Air       0%         1d11      100%        5
 Maxwell's Capacitive Co  Air            0%         ∞         100%        8


Dungeon Overview and Level Annotations

Branches:
Dungeon (9/15)             Temple (0/1) D:4            Lair (0/6) D:9
  Sewer (visited)
    Orc: D:9-12

Altars:
Ashenzari
Dithmenos
Fedhas
Hepliaklqana
Kikubaaqudgha
Nemelex Xobeh
Sif Muna
Trog
Uskayaw
Vehumet
Wu Jian

Shops:
D:4 *:*[*


Innate Abilities, Weirdness & Mutations

Your life essence is reduced to manifest your ancestor. (-10% HP)
You are too large for most types of armour.
You have claws for hands.
Your natural rate of healing is unusually fast.
You are covered in fur. (AC +1)
You have tough skin. (AC +1)
You are weak. (Str -2)
Your spells are a little harder to cast, but a little more powerful.


Message History

The wyvern hisses menacingly.
The wyvern barely misses you.
You feel sick.
You are no longer poisoned.
The basilisk bites the plant!
There is a stone staircase leading up here.
The water moccasin barely misses you. The basilisk bites you!
The yak gores the plant.
The wyvern bites you.
The yak gores the plant!
You block the water moccasin's attack.
You fly upwards.
There is a stone staircase leading down here.
You impale the basilisk!!
The basilisk is almost dead.
The basilisk bites you! The water moccasin bites you.
You are poisoned.
The water moccasin poisons you!
You closely miss the basilisk.
The basilisk is almost dead.
You feel very sick. You block the water moccasin's attack.
You block the basilisk's attack. The water moccasin bites you.
* * * LOW HITPOINT WARNING * * *
You closely miss the basilisk.
The basilisk is almost dead.
You feel sick. The basilisk gazes at you. You resist with some effort.
The water moccasin bites you but does no damage.
You feel sick. The water moccasin closely misses you.
The water moccasin bites you.
* * * LOW HITPOINT WARNING * * *
You are more poisoned.
The water moccasin poisons you!
* * * LOW HITPOINT WARNING * * *
You feel very sick. The water moccasin bites you!
* * * LOW HITPOINT WARNING * * *
You are more poisoned.
The water moccasin poisons you!
You die...

.>.#####......#....+##'##'##'##'.
...................#..#.....#..#.
...###.............#..#+###+#..#.
.............#.....#..#.....#..#.
....##<......#.....'..'.._..+..'.
....##.......##....#..#.....#..#.
....#..[.....##....#..#+###'#..#.
##.##..............#..#.....#..#.
............###.@..'##'##'##'##'.
.†..........# #....#.....#.....#.
.†..........###Sl..#.....#.....#.
................>..###+##'##+###.
......#.....#....##........#.##..
......#.....#................##..
......#.....#..[...........####..
##....#.....#...####..........#..
..................#####.......##.


You could see a basilisk and a water moccasin.

Vanquished Creatures
  Grinder (Sewer)
  Sigmund (D:5)
  A yak (D:9)
  A water moccasin (D:7)
  An orc warrior (D:7)
  2 sky beasts
  3 ogres
  2 necrophages
  A kobold brigand (Sewer)
  A gnoll sergeant (D:7)
  A water moccasin skeleton (D:5)
  2 wights (D:7)
  4 killer bees
  2 howler monkeys
  A quasit (Sewer)
  2 hounds
  An orc priest (D:3)
  A jelly (D:7)
  A centaur skeleton (D:6)
  2 orc wizards (D:5)
  A hound skeleton (D:4)
  8 gnolls
  6 adders
  A river rat (D:5)
  3 shadow imps (Sewer)
  A white imp (D:5)
  4 ufetubi
  An adder skeleton (D:4)
  2 worms
  4 dart slugs
  9 orcs
  7 endoplasms
  4 giant cockroaches
  7 goblins
  5 hobgoblins
  3 quokkas
  5 ball pythons
  6 bats
  8 frilled lizards
  18 kobolds
  2 rats
136 creatures vanquished.

Vanquished Creatures (collateral kills)
  Eustachio (D:6)
  2 water moccasins
  A hornet zombie (D:6)
  An ice beast (D:6)
  2 sky beasts (D:7)
  A black bear (D:6)
  A necrophage (D:7)
  2 ogres (D:5)
  A kobold brigand (Sewer)
  A bullfrog (D:8)
  A scorpion (D:6)
  A water moccasin zombie (D:6)
  5 killer bees
  3 wights
  4 howler monkeys
  A centaur zombie (D:5)
  A hound (D:7)
  A jelly (D:7)
  An orc priest (D:7)
  An iguana (D:6)
  A killer bee zombie (D:8)
  An adder (D:5)
  A white imp (D:7)
  2 orcs (D:6)
  A giant cockroach (Sewer)
  A goblin (D:8)
  A hobgoblin (D:8)
  A bat (Sewer)
  6 kobolds
47 creatures vanquished.

Vanquished Creatures (others)
  A battlemage (D:9)
  2 ancestors
  3 fungi (D:9)
  5 plants (D:9)
11 creatures vanquished.

Grand Total: 194 creatures vanquished

Notes
Turn   | Place    | Note
-------+----------+-------------------------------------------
     0 | D:1      | issech the Troll Fighter began the quest for the Orb.
     0 | D:1      | Reached XP level 1. HP: 22/22 MP: 0/0
   248 | D:1      | Reached XP level 2. HP: 29/29 MP: 1/1
   870 | D:2      | You fall into a shaft and drop 1 floor!
   909 | D:3      | Found a shimmering blue altar of Sif Muna.
  1075 | D:2      | Reached XP level 3. HP: 36/36 MP: 2/2
  1293 | D:1      | Reached skill level 2 in Maces & Flails
  1501 | D:2      | Reached XP level 4. HP: 35/44 MP: 3/3
  1872 | D:2      | Identified a scroll of acquirement
  1872 | D:2      | Acquired 834 gold pieces
  2186 | D:3      | Noticed an ogre
  2202 | D:3      | Reached XP level 5. HP: 28/52 MP: 4/4
  2260 | D:3      | Killed an ogre
  2261 | D:3      | Reached skill level 3 in Maces & Flails
  2313 | D:3      | Found a hazy altar of Hepliaklqana.
  2317 | D:3      | Became a worshipper of Hepliaklqana the Forgotten
  2710 | D:3      | Found a faded altar of an unknown god.
  2855 | D:4      | Found Lisio's General Store.
  2855 | D:4      | Found Weptownex's Book Shop.
  2855 | D:4      | Found Hefezos's Assorted Antiques.
  2862 | D:4      | Found Lyto's Armour Shop.
  2902 | D:4      | Bought a scroll of enchant weapon for 90 gold pieces
  2905 | D:4      | Bought a scratched moonstone ring for 95 gold pieces
  2905 | D:4      | Bought a runed flail for 123 gold pieces
  2908 | D:4      | Bought a +0 cloak for 58 gold pieces
  2908 | D:4      | Bought a +2 robe of positive energy for 191 gold pieces
  2938 | D:4      | Found Soiraur's General Store.
  2956 | D:4      | Noticed a necrophage
  2983 | D:4      | Killed a necrophage
  2984 | D:4      | Reached skill level 4 in Maces & Flails
  2984 | D:4      | Reached XP level 6. HP: 59/61 MP: 5/5
  3029 | D:4      | Found a staircase to the Ecumenical Temple.
  3251 | D:4      | Reached * piety under Hepliaklqana
  3251 | D:4      | Found an ancient bone altar of Kikubaaqudgha.
  3603 | D:5      | Entered Level 5 of the Dungeon
  3621 | D:5      | Noticed Sigmund
  3641 | D:5      | Killed Sigmund
  3642 | D:5      | Reached XP level 7. HP: 56/61 MP: 6/6
  3668 | D:5      | Found a hide-covered altar of Uskayaw.
  3726 | D:5      | Reached skill level 5 in Maces & Flails
  3750 | D:5      | Found a sparkling altar of Nemelex Xobeh.
  3808 | D:5      | Reached XP level 8. HP: 42/70 MP: 7/7
  3865 | D:5      | Found a glowing drain.
  3883 | Sewer    | Entered a sewer
  3968 | Sewer    | Found a burning altar of Makhleb.
  4052 | Sewer    | Reached skill level 6 in Maces & Flails
  4106 | Sewer    | Noticed Grinder
  4113 | Sewer    | Paralysed by Grinder for 5 turns
  4122 | Sewer    | Paralysed by Grinder for 7 turns
  4131 | Sewer    | Killed Grinder
  4132 | Sewer    | Reached skill level 1 in Stealth
  4493 | D:5      | Found a blossoming altar of Fedhas.
  4660 | D:5      | Reached skill level 5 in Dodging
  4772 | D:5      | Reached ** piety under Hepliaklqana
  4782 | D:5      | Remembered your ancestor Sinnashi as a battlemage
  5029 | D:6      | Gained mutation: You are weak. (Str -2) [potion of
                  | mutation]
  5029 | D:6      | Gained mutation: Your spells are a little harder to cast,
                  | but a little more powerful. [potion of mutation]
  5073 | D:6      | Found an ornate altar of the Wu Jian Council.
  5111 | D:6      | Noticed Eustachio
  5130 | D:6      | Killed Eustachio
  5131 | D:6      | Reached skill level 7 in Maces & Flails
  5131 | D:6      | Reached skill level 5 in Shields
  5131 | D:6      | Reached XP level 9. HP: 73/76 MP: 8/8
  5561 | D:6      | Reached skill level 1 in Throwing
  5615 | D:6      | Found a shadowy altar of Dithmenos.
  6154 | D:7      | Reached *** piety under Hepliaklqana
  6408 | D:7      | Reached skill level 8 in Maces & Flails
  7290 | D:4      | Bought the +7 morningstar "Maahov" {vorpal, MP+9} for 669
                  | gold pieces
  7438 | D:8      | Found a radiant altar of Vehumet.
  7518 | D:8      | Found a broken altar of Ashenzari.
  7573 | D:8      | Reached skill level 5 in Fighting
  7783 | D:8      | Reached XP level 10. HP: 86/86 MP: 9/9
  7787 | D:8      | Found a bloodstained altar of Trog.
  8033 | D:9      | Found a staircase to the Lair.
  8055 | D:8      | Succumbed to a water moccasin's poison

Illustrated notes

Levels and vault maps discovered:
D:1:      lemuel_arrival_broad_hall, layout_basic
D:2:      layout_basic
D:3:      layout_loops_ring, marbit_many_paths, led_sif_pool,
          shapermc_ecumenical_altar_venn, grunt_ministairs_9,
          kennysheep_generic_room_13
D:4:      layout_gridville, mainiacjoe_overflow_six_doors_small,
          minmay_temple_entry_junction, serial_shops, shop,
          minmay_shop_grid_forest
D:5:      layout_rooms, mainiacjoe_overflow_concentric_impassable,
          mainiacjoe_overflow_small_starburst, mainiacjoe_overflow_alcove_2,
          portal_sewer_entry_a, uniq_sigmund
D:6:      layout_cave_pods, grunt_dithmenos_smoke, nicolae_wu_jian_wuxing_cycle,
          uniq_eustachio
D:7:      kennysheep_six_static_rooms, layout_basic, interstate_on_off
D:8:      layout_basic, trog_hazing_becter, mainiacjoe_overflow_24_doors,
          lemuel_round_altar
D:9:      layout_grid_maze, lemuel_coloured_pillars_altar,
          minmay_lair_entry_grove, serial_co_window_serial, co_window_paths_a,
          co_window_of_opportunity_a, co_window_of_opportunity_a,
          co_window_corner_a, co_window_corner_a, co_window_corner_a,
          co_window_corner_a, co_window_unsneaky_path_e, co_window_cross_2,
          co_window_broadway_a, co_window_corner_b, co_window_corner_b,
          glass_columns_b, glass_columns_b, glass_columns_c

Skill      XL: |  1  2  3  4  5  6  7  8  9 10 |
---------------+-------------------------------+-----
Shields        | 3 5 6 |  6.2
Maces & Flails | 2 4 5 7 8 |  8.6
Dodging        | 3 4 5 6 |  6.0
Fighting       | 3 4 5 |  5.1
Stealth        | 1 |  1.8
Throwing       | 1 |  1.7

Action                   |  1- 3 |  4- 6 |  7- 9 | 10-12 || total
-------------------------+-------+-------+-------+-------++-------
Melee: Flail             |   119 |   164 |   244 |       ||   527
       Morningstar       |       |       |     5 |    23 ||    28
Throw: Stone             |     6 |       |       |       ||     6
       Javelin           |       |       |     1 |       ||     1
       Boomerang         |       |       |     6 |       ||     6
Invok: Recall Ancestor   |       |       |     1 |       ||     1
       Ancestor Life: Ba |       |       |     1 |       ||     1
  Use: Scroll            |       |     7 |    13 |       ||    20
       Potion            |       |       |     1 |       ||     1
 Stab: Sleeping          |     1 |       |       |       ||     1
       Distracted        |       |       |     2 |       ||     2
Armor: Robe              |    58 |    58 |   133 |    12 ||   261
Dodge: Dodged            |    65 |    61 |   119 |    21 ||   266
Block: Kite shield       |    57 |    57 |   133 |    28 ||   275

Table legend: (Time is in decaauts)
 A = Elapsed time spent in this place.
 B = Non-inter-level travel time spent in this place.
 C = Inter-level travel time spent in this place.
 D = Time resting spent in this place.
 E = Time spent auto-exploring this place.
 F = Levels seen in this place.
 G = Mean time per level.
                   A        B        C        D        E       F      G
               +--------+--------+--------+--------+--------+-----+--------+
         Total |   8241 |   7819 |    422 |    162 |   3458 |  10 |  824.1 |
       Dungeon |   7635 |   7213 |    422 |    162 |   3399 |   9 |  848.3 |
         Sewer |    605 |    605 |      0 |      0 |     59 |   1 |  605.0 |
               +--------+--------+--------+--------+--------+-----+--------+

Top non-repeatable levels by time:
     D:7: 1173 daAuts
     D:6: 1044 daAuts
     D:3: 1022 daAuts
     D:4: 944 daAuts
     D:2: 937 daAuts
     D:1: 933 daAuts
     D:5: 914 daAuts
     D:8: 648 daAuts
   Sewer: 605 daAuts
     D:9: 17 daAuts
